[Event "World Junior U20 Open 2018"]
[Site "Gebze"]
[Date "2018.09.14"]
[Round "10.79"]
[White "Baylav, Can"]
[Black "Rajic, Ivan"]
[Result "1-0"]
[ECO "A57"]
[WhiteElo "2026"]
[BlackElo "2021"]
[Annotator "NA"]
[PlyCount "145"]
[EventDate "2018.09.05"]
[EventType "swiss"]
[EventCountry "TUR"]
[SourceTitle "playchess.com"]
[Source "ChessBase"]
[SourceQuality "1"]
[TimeControl "40/5400+30:1800+30"]

1. d4 Nf6 2. c4 c5 3. d5 b5 4. Qc2 bxc4 5. e4 g6 6. Bxc4 d6 7. Nf3 Bg7 8. O-O O-O 9. Nc3 Nbd7 10. h3 Nb6 {[%emt 0:02:30] A57: Benko/Volga Gambit} 11. Be2 Ne8 12. Bf4 e5 $146 ({Predecessor:} 12... Nc7 13. Rad1 f5 14. e5 Bb7 15. exd6 exd6 16. Nb5 Nxb5 17. Bxb5 h6 18. h4 {0-1 (65) Berczes,D (2492)-Rambaldi,F (2557) Dallas 2015}) 13. dxe6 fxe6 14. Bg5 Bf6 15. Bxf6 Qxf6 16. e5 dxe5 ({Black should play} 16... Qe7 $14) 17. Ne4 Qf5 18. Nh4 Qf4 19. g3 Qf7 20. Nxc5 Nd6 21. Nf3 e4 22. Ng5 Qf5 23. Ngxe6 Rf6 24. Nf4 Qe5 25. Qc3 Qe7 26. f3 e3 27. Ne4 Rxf4 28. gxf4 Bxh3 29. Qf6 Qxf6 30. Nxf6+ Kg7 31. Rfd1 Nf5 32. Ne4 Ne7 33. Nc3 Be6 34. Rd6 Kf7 35. Rad1 Rc8 36. Ba6 Rc7 37. Nb5 Rc5 38. b4 Rc2 39. Rxe6 Rxa2 40. Nc7 Rc2 41. Rxe7+ Kxe7 42. Nd5+ Nxd5 43. Rxd5 Rb2 44. Re5+ Kf6 45. Re4 h5 46. Bc8 $18 Rc2 47. Bd7 Rd2 48. Bh3 Rb2 49. Re6+ Kf7 50. Rxe3 Rxb4 51. Re4 Rb5 52. Kg2 a5 53. Kg3 Rb1 54. Re5 Ra1 55. f5 g5 56. Rb5 Ra3 57. Rb7+ Kf6 58. Rb6+ Kf7 59. Rh6 g4 60. Bg2 gxf3 61. Bxf3 a4 62. Rxh5 Ra1 63. Kf4 a3 64. Bd5+ Kg7 65. Rh2 Rf1+ 66. Ke5 Re1+ 67. Be4 Ra1 68. f6+ Kf7 69. Rh7+ Kg8 70. f7+ Kf8 71. Ke6 Rf1 72. Rh8+ Kg7 73. Rg8+ 1-0

[Event "World Junior U20 Open 2018"]
[Site "Gebze"]
[Date "2018.09.14"]
[Round "10.80"]
[White "Nurgaliyev, Sauat"]
[Black "Beukema, Christiaan"]
[Result "1-0"]
[ECO "C45"]
[WhiteElo "1685"]
[BlackElo "1904"]
[Annotator "NA"]
[PlyCount "61"]
[EventDate "2018.09.05"]
[EventType "swiss"]
[EventCountry "TUR"]
[SourceTitle "playchess.com"]
[Source "ChessBase"]
[SourceQuality "1"]
[TimeControl "40/5400+30:1800+30"]

1. e4 e5 2. Nf3 Nc6 3. d4 exd4 4. Nxd4 Bb4+ 5. c3 Bc5 6. Be3 Bb6 7. Qg4 Qf6 8. Qg3 d6 9. Nb5 Ba5 10. Nd2 a6 11. Nd4 Bb6 12. Nxc6 Bxe3 13. Qxe3 bxc6 14. Bd3 $14 Ne7 15. O-O O-O 16. f4 Qh6 17. h3 Re8 18. Qf2 Ng6 19. Nb3 c5 20. Rae1 Be6 21. f5 Ne5 22. fxe6 Rxe6 23. Bc4 Rf6 24. Qe2 Rg6 25. Kh2 Ng4+ 26. Kh1 Ne5 27. Rf5 Rg3 28. Na5 Rf8 29. Qf2 Qh4 30. Re3 g6 31. Qxg3 1-0

[Event "World Junior U20 Open 2018"]
[Site "Gebze"]
[Date "2018.09.14"]
[Round "10.81"]
[White "Helander, Benjamin"]
[Black "Fleri, Matthew"]
[Result "1/2-1/2"]
[ECO "B86"]
[WhiteElo "1994"]
[BlackElo "1625"]
[Annotator "NA"]
[PlyCount "82"]
[EventDate "2018.09.05"]
[EventType "swiss"]
[EventCountry "TUR"]
[SourceTitle "playchess.com"]
[Source "ChessBase"]
[SourceQuality "1"]
[TimeControl "40/5400+30:1800+30"]

1. e4 c5 2. Nf3 d6 3. d4 cxd4 4. Nxd4 Nf6 5. Nc3 {[%emt 0:00:00] LiveBook: 99290 Games} a6 6. Bc4 e6 7. O-O Be7 8. Qf3 {[%emt 0:02:00] B86: Sizilianisch (Sosin-Angriff)} (8. Bb3 O-O 9. f4 b5 10. f5 e5 11. Nde2 Bb7 12. Bg5 Nbd7 13. Ng3 Rc8 14. Bxf6 Nxf6 15. Nh5 Rxc3 16. Nxf6+ Bxf6 17. bxc3 Bxe4 18. Bd5 Qb6+ 19. Kh1 Bxd5 20. Qxd5 Rc8 {1-0 (48) Kasimdzhanov,R (2704)-Grischuk,A (2774) Berlin 2015}) 8... O-O 9. a4 Nc6 10. Nxc6 bxc6 11. e5 $146 ({Vorgänger:} 11. Be2 Rb8 12. b3 a5 13. Qg3 e5 14. h3 Ne8 15. f4 Bh4 16. Qd3 Bf6 17. f5 Bg5 18. Ba3 Rb7 19. Kh1 Rd7 20. Rad1 Bf4 21. g3 Bh6 22. Kh2 Qb6 {½-½ (22) Pachnicke,H (1662)-Stevens,M (1445) GER email 2011}) 11... dxe5 12. Qxc6 Bd7 13. Qf3 Qc7 14. Qe2 $15 Bc8 15. Be3 Bb7 16. Rfd1 Bc5 17. Bxc5 Qxc5 18. b3 Qc6 19. f3 Qc7 20. Re1 Bd5 21. Bxd5 Nxd5 22. Nxd5 exd5 23. Qxe5 Qxc2 24. Qxd5 Rad8 25. Qc4 Qg6 26. Rad1 h6 27. a5 Rc8 28. Qe4 Qf6 29. Qe5 Qc6 30. Qd6 Qb5 31. b4 Rcd8 32. Qb6 Rxd1 33. Rxd1 Qe2 34. Qd4 Rc8 35. h3 g6 36. Qd3 Qe6 37. Qd7 Qe3+ 38. Kh1 Rc2 39. Qd8+ Kh7 40. Qd5 Qf4 41. Qb7 Rc1 1/2-1/2